 Dungeon Crawl Stone Soup version 0.28.0 (webtiles) character file.

Game seed: 4218319322129847931

13442 browni3141 the Cleaver (level 11, -2/101 HPs)
             Began as a Minotaur Berserker on Feb 17, 2022.
             Was a High Priest of Trog.
             Slain by an eight-headed hydra (11 damage)
             ... on level 1 of the Lair of Beasts.
             The game lasted 00:07:18 (14393 turns).

browni3141 the Cleaver (Minotaur Berserker)        Turns: 14393, Time: 00:07:18

Health: -2/101     AC: 19    Str: 26    XL:     11   Next: 75%
Magic:  10/10      EV:  7    Int:  4    God:    Trog [*****.]
Gold:   469        SH: 11    Dex: 10    Spells: 10/10 levels left

rFire   + . .      SeeInvis .   L - +0 broad axe
rCold   . . .      Faith    .   C - +1 kite shield {rN+}
rNeg    + . .      Spirit   .   D - +0 plate armour
rPois   .          Reflect  .   (helmet restricted)
rElec   .          Harm     .   r - +1 cloak
rCorr   .          Rampage  .   m - +0 pair of gloves
Will    ++...                   (no boots)
Stlth   ..........              (no amulet)
HPRegen 1.26/turn               F - ring of protection from fire
MPRegen 0.12/turn               (no ring)

@: strong-willed, on berserk cooldown, regenerating, slowed, studying Armour,
very slow
A: horns 2, retaliatory headbutt
a: Renounce Religion, Berserk, Trog's Hand, Brothers in Arms


You were on level 1 of the Lair of Beasts.
You worshipped Trog.
Trog was extremely pleased with you.
You visited 2 branches of the dungeon, and saw 11 of its levels.

You collected 581 gold pieces.
You spent 112 gold pieces at shops.


Innate Abilities, Weirdness & Mutations

You have a pair of horns on your head.
You reflexively headbutt those who attack you in melee.


   Skills:
 + Level 10.9 Fighting
 * Level 14.6 Axes
 + Level 12.3 Armour
 - Level 2.1 Dodging
 * Level 8.5 Shields
 + Level 4.4 Evocations


You had 10 spell levels left.
You didn't know any spells.
Your spell library was empty.

Inventory:

Hand Weapons
 a - a +0 hand axe
 L - a +0 broad axe (weapon)
Missiles
 k - 2 throwing nets (quivered)
 M - 8 curare-tipped darts {@f4}
Armour
 b - a +0 animal skin
 c - a +0 scale mail
 m - a +0 pair of gloves (worn)
 r - a +1 cloak (worn)
 C - a +1 kite shield of positive energy (worn)
 D - a +0 plate armour (worn)
 J - a +0 pair of boots
 K - a +0 pair of boots
Jewellery
 E - an amulet of the acrobat
 F - a ring of protection from fire (left hand)
 I - a +6 ring of intelligence
Wands
 s - a wand of flame (46)
 w - a wand of acid (7)
 N - a wand of polymorph (4)
 O - a wand of iceblast (5)
Scrolls
 d - 4 scrolls of torment {!r}
 e - 3 scrolls of magic mapping
 g - 2 scrolls of silence {!r}
 n - a scroll of immolation {!r}
 o - 2 scrolls of holy word
 p - 3 scrolls of enchant armour
 q - 2 scrolls of summoning
 x - 2 scrolls of teleportation {@r4}
 y - a scroll of noise {!r}
 z - a scroll of blinking {@r3}
 H - a scroll of enchant weapon
 P - a scroll of identify {@r1}
 Q - a scroll of fear {unknown}
Potions
 f - 3 potions of berserk rage {unknown}
 h - 3 potions of heal wounds {@q2}
 i - 5 potions of brilliance {unknown}
 j - 3 potions of curing {@q1}
 l - a potion of invisibility
 t - a potion of experience
 u - a potion of ambrosia
 v - a potion of flight {unknown}
 A - a potion of degeneration {!q}
 B - a potion of attraction {!q}
 G - a potion of haste {@q3}
 R - a potion of lignification {unknown}

Dungeon Overview and Level Annotations

Branches:
Dungeon (10/15)            Temple (0/1) D:6            Lair (1/6) D:8
    Orc: D:9-12

Altars:
Dithmenos
Gozag
Kikubaaqudgha
Makhleb
Okawaru
Uskayaw
Vehumet
Wu Jian
The Shining One
Beogh

Shops:
D:4 (?[   D:8 (

Annotations:
D:3 1 runed translucent door

.# # .# # #.## .#.#
#..P##########.#.#
#........#..#P...#
...............#
######..####..##.##
##.##..<.....#
#@##.######## #D##.
#T## #.# ###.#
####†#.# #..††..#
#.D##### ....##


You could see an eight-headed hydra (ally target) and a friendly troll
(summoned, berserk).


Message History

The eight-headed hydra roars!
You see here a cane toad corpse.
Things that are here:
a yak corpse; a yak corpse Your skin crawls.
You feel strong-willed.
You block the eight-headed hydra's attack. x3
The eight-headed hydra bites you but does no damage.
The eight-headed hydra bites you.
* * * LOW HITPOINT WARNING * * *
The eight-headed hydra bites you but does no damage. x2
You block the eight-headed hydra's attack.
Your troll goes berserk!
The eight-headed hydra bites you but does no damage.
The eight-headed hydra barely misses you.
The eight-headed hydra bites you.
* * * LOW HITPOINT WARNING * * *
You block the eight-headed hydra's attack.
The eight-headed hydra bites you but does no damage.
The eight-headed hydra bites you.
* * * LOW HITPOINT WARNING * * *
The eight-headed hydra bites you but does no damage.
The eight-headed hydra completely misses you.
The eight-headed hydra completely misses you.
The eight-headed hydra barely misses you. x2
You block the eight-headed hydra's attack.
The eight-headed hydra barely misses you.
You block the eight-headed hydra's attack.
The eight-headed hydra bites you!
You die...

Skill      XL: |  1  2  3  4  5  6  7  8  9 10 11 |
---------------+----------------------------------+-----
Axes           | 4 5 6 7 8 10 12 13 14 | 14.6
Fighting       | 4 5 6 7 9 10 | 10.9
Armour         | 3 4 5 6 7 9 11 12 | 12.3
Shields        | 2 6 8 |  8.5
Evocations     | 1 3 4 |  4.4
Dodging        | |  2.1

Action                   |  1- 3 |  4- 6 |  7- 9 | 10-12 || total
-------------------------+-------+-------+-------+-------++-------
Melee: Hand axe          |    77 |   140 |   234 |       ||   451
       Headbutt          |     6 |    16 |    56 |    58 ||   136
       Punch             |     1 |     3 |     8 |       ||    12
       Broad axe         |       |       |    38 |   254 ||   292
Invok: Berserk           |       |     4 |     5 |     5 ||    14
       Trog's Hand       |       |       |     1 |     1 ||     2
       Brothers in Arms  |       |       |       |     1 ||     1
Evoke: Wand              |       |       |       |     1 ||     1
  Use: Scroll            |       |       |    19 |     2 ||    21
       Potion            |       |       |       |     1 ||     1
Armor: Animal skin       |     3 |       |       |       ||     3
       Scale mail        |    24 |    66 |    78 |       ||   168
       Plate armour      |       |       |    55 |   146 ||   201
Dodge: Dodged            |    38 |    60 |   109 |    76 ||   283
Block: Kite shield       |       |       |    26 |   147 ||   173

Levels and vault maps discovered:
D:1:      psy_arrival_spokes, layout_basic, serial_bayou, serial_bayou_lake_a,
          serial_bayou_shore_a, serial_bayou_pond_a, serial_bayou_pond_e
D:2:      layout_rooms, hellmonk_ecumenical_altar_pennies_from_heaven,
          minmay_misc_feat_enclosed, minmay_snake_closets
D:3:      layout_rooms, ebering_ghost_sewer_f, minmay_vboxes,
          uniq_crazy_yiuf_cottage, uniq_robin
D:4:      layout_loops_ring, nicolae_uskayaw_en_pointe,
          makhleb_heckhound_becter, nicolae_ossuary_entry_ruins, serial_shops,
          kennysheep_little_box, shop, nicolae_shop_waterfront, uniq_natasha
D:5:      layout_basic, saegor_snake_ambush
D:6:      layout_loops_corners, temple_green, hangedman_decor_slide_cut,
          grunt_decor_mini_mirrors
D:7:      layout_basic, okawaru_ov_weapons_minmay, minmay_misc_feat_plants,
          minmay_parallelograms, minivault_19
D:8:      nzn_winding_woodlands_three_and_one
          [nzn_winding_woodlands_5x15_pathside_ponds,
          nzn_winding_woodlands_5x15_twine,
          nzn_winding_woodlands_5x15_sidewinder,
          nzn_winding_woodlands_center_pierced_h], layout_layer_cave,
          nicolae_vehumet_radiance, kennysheep_mini_moat, david_lair_generic,
          serial_shops, nicolae_shop_advertising_works
          [nicolae_subvault_shop_adworks], nicolae_shop_bloodbath_and_beyond,
          nicolae_concentric_dashed_squares_mild, corexii_hall_statues_deadend,
          sigmund_army
D:9:      layout_big_octagon
D:10:     layout_long_grid, grunt_temple_overflow_cloverleaf,
          lightli_church_of_beogh, uniq_sonja, uniq_josephine
Lair:1:   layout_loops_ring, grunt_megastairs_1

Notes
Turn   | Place    | Note
-------+----------+-------------------------------------------
     0 | D:1      | browni3141 the Minotaur Berserker began the quest for the
                  | Orb.
     0 | D:1      | Reached XP level 1. HP: 19/19 MP: 0/0
   143 | D:1      | Reached skill level 4 in Axes
   143 | D:1      | Reached XP level 2. HP: 11/27 MP: 1/1
   929 | D:1      | Reached skill level 4 in Fighting
  1287 | D:2      | Reached skill level 3 in Armour
  1287 | D:2      | Reached XP level 3. HP: 19/33 MP: 2/2
  1431 | D:2      | Found a faded altar of an unknown god.
  1525 | D:2      | Reached ** piety under Trog
  1546 | D:2      | Identified the +11 long sword of Zuicup {pain, rN+ Str+3
                  | Stlth+}
  1653 | D:2      | Reached XP level 4. HP: 41/41 MP: 3/3
  1659 | D:2      | Reached skill level 5 in Axes
  2313 | D:2      | HP: 4/41 [poisoned by a kobold]
  2733 | D:3      | Reached XP level 5. HP: 47/47 MP: 4/4
  2740 | D:3      | Identified the +6 hunting sling "Digeg" {speed, *Slow rC+++
                  | Dex+3}
  2883 | D:3      | Noticed Robin
  2899 | D:3      | Reached skill level 4 in Armour
  2899 | D:3      | Killed Robin
  2899 | D:3      | Reached *** piety under Trog
  2903 | D:3      | Found a runed translucent door.
  2905 | D:3      | Noticed browni3141's ghost (amateur MiBe)
  3077 | D:3      | Noticed a centaur
  3087 | D:3      | Killed a centaur
  3088 | D:3      | Reached skill level 5 in Fighting
  3088 | D:3      | Reached skill level 6 in Axes
  3088 | D:3      | Reached XP level 6. HP: 24/56 MP: 5/5
  3440 | D:3      | Found a runed translucent door.
  3660 | D:3      | Killed browni3141's ghost
  3661 | D:3      | Reached skill level 7 in Axes
  3784 | D:3      | Found a runed translucent door.
  3785 | D:3      | Noticed Crazy Yiuf
  3787 | D:3      | Identified the +9 mace of Meplef {holy, rF+ Will+ Str+4}
  3793 | D:3      | Killed Crazy Yiuf
  3794 | D:3      | Reached skill level 5 in Armour
  3794 | D:3      | Reached XP level 7. HP: 62/62 MP: 6/6
  3951 | D:4      | Found Ilucwij's Armour Shoppe.
  3973 | D:4      | Noticed Natasha
  3978 | D:4      | Killed Natasha
  3996 | D:4      | Noticed Natasha
  4002 | D:4      | Killed Natasha
  4120 | D:4      | Found Nylyec Luso's Magic Scroll Shop.
  4132 | D:4      | Reached skill level 6 in Fighting
  4147 | D:4      | Bought a scroll of identify for 28 gold pieces
  4166 | D:4      | Found Yciruc's Antique Weapon Emporium.
  4167 | D:4      | Noticed Natasha
  4172 | D:4      | Killed Natasha
  4276 | D:4      | Noticed a +0 spear
  4277 | D:4      | Noticed a +0 dagger
  4278 | D:4      | Noticed a +0 dagger
  4278 | D:4      | Noticed a +0 short sword
  4278 | D:4      | Noticed a +0 falchion
  4278 | D:4      | Noticed a +0 spear
  4278 | D:4      | Noticed a +0 falchion
  4279 | D:4      | Noticed a +0 short sword
  4297 | D:4      | Found a hide-covered altar of Uskayaw.
  4321 | D:4      | Reached skill level 8 in Axes
  4903 | D:4      | Found a burning altar of Makhleb.
  5188 | D:4      | Bought a scroll of identify for 28 gold pieces
  5188 | D:4      | Bought a scroll of identify for 28 gold pieces
  5188 | D:4      | Bought a scroll of identify for 28 gold pieces
  5191 | D:4      | Identified a potion of experience
  5206 | D:5      | Entered Level 5 of the Dungeon
  5244 | D:5      | Reached **** piety under Trog
  5245 | D:5      | Reached skill level 6 in Armour
  5245 | D:5      | Reached XP level 8. HP: 59/71 MP: 7/7
  5343 | D:5      | Reached skill level 9 in Axes
  5613 | D:5      | Reached skill level 7 in Fighting
  6596 | D:6      | Reached skill level 10 in Axes
  6596 | D:6      | Reached skill level 7 in Armour
  6883 | D:6      | Reached XP level 9. HP: 81/81 MP: 8/8
  6898 | D:6      | Noticed a two-headed ogre
  6905 | D:6      | Killed a two-headed ogre
  6906 | D:6      | Reached skill level 8 in Fighting
  6906 | D:6      | Reached skill level 11 in Axes
  7333 | D:6      | Found a staircase to the Ecumenical Temple.
  7453 | D:6      | Reached skill level 8 in Armour
  7504 | D:6      | Noticed a troll
  7512 | D:6      | Killed a troll
  8007 | D:6      | Identified a scroll of acquirement
  8010 | D:7      | Acquired a manual of Armour
  8305 | D:7      | Found an iron altar of Okawaru.
  8713 | D:7      | Reached skill level 9 in Fighting
  8713 | D:7      | Reached skill level 12 in Axes
  8741 | D:7      | Reached skill level 9 in Armour
  9007 | D:7      | Acquired a +1 kite shield of positive energy
  9065 | D:8      | Reached skill level 1 in Shields
  9219 | D:8      | Found Duguel's Weapon Emporium.
  9682 | D:8      | Reached skill level 2 in Shields
  9682 | D:8      | Reached skill level 1 in Evocations
  9685 | D:8      | Reached XP level 10. HP: 63/91 MP: 9/9
  9694 | D:8      | Reached skill level 3 in Shields
  9950 | D:8      | Found Adyf's Antique Weapon Shoppe.
  9985 | D:8      | Found a staircase to the Lair.
  9985 | D:8      | Noticed an elephant
 10003 | D:8      | Killed an elephant
 10005 | D:8      | Reached skill level 10 in Armour
 10005 | D:8      | Reached skill level 2 in Evocations
 10247 | D:8      | Reached skill level 4 in Shields
 10304 | D:8      | Found a radiant altar of Vehumet.
 10676 | D:8      | Reached skill level 13 in Axes
 10683 | D:8      | Reached skill level 5 in Shields
 11129 | D:8      | Found a glowing golden altar of the Shining One.
 11207 | D:8      | Noticed a gargoyle
 11228 | D:8      | Reached skill level 10 in Fighting
 11235 | D:8      | Killed a gargoyle
 11236 | D:8      | Reached skill level 6 in Shields
 11236 | D:8      | Reached skill level 3 in Evocations
 11259 | D:8      | Reached skill level 11 in Armour
 11638 | D:9      | Noticed a two-headed ogre
 11646 | D:9      | Noticed a two-headed ogre
 11648 | D:9      | Reached XP level 11. HP: 82/99 MP: 10/10
 11650 | D:9      | Killed a two-headed ogre
 11655 | D:9      | Killed a two-headed ogre
 12092 | D:9      | Paralysed by a hornet for 3 turns
 12101 | D:9      | Reached skill level 7 in Shields
 12602 | D:10     | Entered Level 10 of the Dungeon
 12668 | D:10     | Reached skill level 14 in Axes
 12725 | D:10     | Reached ***** piety under Trog
 12980 | D:10     | Noticed Sonja
 12988 | D:10     | Noticed Sonja
 12988 | D:10     | Sonja changed into Sonja the killer bee
 12990 | D:10     | Killed Sonja the killer bee
 13549 | D:10     | Reached skill level 4 in Evocations
 13550 | D:10     | Noticed Josephine
 13556 | D:10     | Killed Josephine
 13557 | D:10     | Reached skill level 12 in Armour
 13557 | D:10     | Reached skill level 8 in Shields
 13914 | D:10     | Found a runed translucent door.
 13943 | D:10     | Found an ancient bone altar of Kikubaaqudgha.
 13946 | D:10     | Found a shadowy altar of Dithmenos.
 13949 | D:10     | Found an opulent altar of Gozag.
 13952 | D:10     | Found an ornate altar of the Wu Jian Council.
 14328 | Lair:1   | Entered Level 1 of the Lair of Beasts
 14374 | Lair:1   | HP: 10/101 [poisoned by a cane toad]
 14382 | Lair:1   | Noticed an eight-headed hydra
 14392 | Lair:1   | HP: 7/101 [eight-headed hydra (6)]
 14393 | Lair:1   | Slain by an eight-headed hydra

Vanquished Creatures
  Josephine (D:10)
  3 two-headed ogres
  An elephant (D:8)
  2 gargoyles
  A cane toad (Lair:1)
  A yaktaur (shapeshifter) (D:8)
  3 trolls
  A hornet (D:9)
  A shadow (D:10)
  16 yaks
  4 wraiths (D:10)
  A vampire mosquito (D:8)
  2 steam dragons
  2 acid dragons (D:10)
  3 water moccasins
  3 orc warriors (D:8)
  The ghost of browni3141 the Chopper, an amateur MiBe of Trog (D:3)
  3 black bears (D:8)
  3 ogres
  6 centaurs
  A phantom (D:4)
  7 kobold brigands
  5 bullfrogs
  6 scorpions
  A wyvern zombie (D:8)
  A wyvern skeleton (D:7)
  2 killer bees
  7 wights
  6 howler monkeys
  2 centaur zombies
  6 hounds
  A gnoll shaman (D:5)
  5 orc priests
  Crazy Yiuf (D:3)
  2 bullfrog skeletons
  4 iguanas
  Natasha (thrice) (D:4)
  7 orc wizards
  A howler monkey zombie (D:8)
  Robin (D:3)
  2 river rats (D:3)
  13 adders
  6 gnolls
  A howler monkey skeleton (D:7)
  3 worms
  2 dart slugs
  17 orcs
  14 ball pythons
  4 bats
  5 endoplasms
  2 giant cockroaches (D:3)
  13 hobgoblins
  2 jackals (D:1)
  7 quokkas
  3 frilled lizards
  15 goblins
  21 kobolds
  8 rats
265 creatures vanquished.

Vanquished Creatures (others)
  2 fungi (D:3)
  7 plants
9 creatures vanquished.

Grand Total: 274 creatures vanquished

Table legend: (Time is in decaauts)
 A = Elapsed time spent in this place.
 B = Non-inter-level travel time spent in this place.
 C = Inter-level travel time spent in this place.
 D = Time resting spent in this place.
 E = Time spent auto-exploring this place.
 F = Levels seen in this place.
 G = Mean time per level.
                   A        B        C        D        E       F      G
               +--------+--------+--------+--------+--------+-----+--------+
         Total |  14564 |  14097 |    467 |   1355 |  11011 |  11 | 1324.0 |
       Dungeon |  14492 |  14025 |    467 |   1341 |  10998 |  10 | 1449.2 |
          Lair |     71 |     71 |      0 |     14 |     13 |   1 |   71.0 |
               +--------+--------+--------+--------+--------+-----+--------+

Top non-repeatable levels by time:
     D:8: 2663 daAuts
     D:6: 1735 daAuts
    D:10: 1698 daAuts
     D:2: 1377 daAuts
     D:3: 1331 daAuts
     D:1: 1303 daAuts
     D:4: 1262 daAuts
     D:5: 1106 daAuts
     D:7: 1015 daAuts
     D:9: 997 daAuts
  Lair:1: 71 daAuts

Table legend:
 A = Non-vault XP
 B = Vault XP
 C = Vault XP percentage of total XP
 D = Non-vault monster count
 E = Vault monster count
 F = Vault count percentage of total count
                 A         B        C        D         E       F
            +---------+---------+-------+---------+---------+-------
      Total |   13313 |    5890 |  30.7 |     179 |      86 |  32.5
            +---------+---------+-------+---------+---------+-------
        D:1 |      38 |       0 |   0.0 |      23 |       0 |   0.0
        D:2 |      66 |      62 |  48.4 |      18 |       8 |  30.8
        D:3 |     242 |     341 |  58.5 |      24 |      27 |  52.9
        D:4 |     510 |      76 |  13.0 |      16 |       2 |  11.1
        D:5 |     742 |      14 |   1.9 |      18 |       2 |  10.0
        D:6 |    1906 |       0 |   0.0 |      12 |       0 |   0.0
        D:7 |     723 |       0 |   0.0 |      10 |       0 |   0.0
        D:8 |    2702 |    3454 |  56.1 |      23 |      30 |  56.6
        D:9 |    2920 |       0 |   0.0 |      16 |       0 |   0.0
       D:10 |    2012 |    1943 |  49.1 |      13 |      17 |  56.7
     Lair:1 |    1452 |       0 |   0.0 |       6 |       0 |   0.0
            +---------+---------+-------+---------+---------+-------
